Unix NetHack Version 5.0.0-0 post-release - last build May  4 2026 22:22:43 (774f63e81ad911689b3a0859ea89b322d5daca8d,branch:main).

Game began 2026-05-07 22:29:19, ended 2026-05-07 23:16:44.

Drastanta, chaotic male elven Wizard

             --------------
             |..@f.%......+
             |.f..........|
             |[............
             --.-----------

Drastanta the Conjurer    St:14 Dx:13 Co:16 In:14 Wi:14 Ch:9  Chaotic
Dlvl:5  $:69 HP:0(38) Pw:15(57) AC:9  Xp:5 T:3691 

Latest messages:
 The kitten misses the rock mole.
 The kitten misses the rock mole.
 You kill the rock mole!
 The kitten bites it.
 It hits the kitten.
 The kitten bites it.
 The kitten picks up a rock.
 You are beginning to feel hungry.
 The kitten drops a rock.
 The kitten picks up a rock.
 You hear someone counting gold coins.
 The kitten drops a rock.
 What do you want to eat? [uvBCF or ?*] ?
 This cram ration is bland.
 You finish eating the cram ration.
 You descend the stairs.
 There is a staircase up to level 4 here.
 You see here a crossbow bolt.
 The housecat bites!
 The housecat bites!
 In what direction? 6
 You kill the mountain nymph!
 The plains centaur picks up 7 darts.
 The housecat bites!
 In what direction? 6
 The magic missile hits the plains centaur!
 The door absorbs your spell!
 The plains centaur picks up a mummy wrapping.
 The housecat bites!
 The housecat bites!
 In what direction? 6
 You kill the plains centaur!
 The housecat bites!
 You hit the housecat!
 The housecat bites!
 You hit the housecat!
 The housecat bites!
 The housecat bites!
 You hit the housecat!
 The housecat bites!
 Are you sure you want to pray? [yn] (n) y
 You begin praying to Anhur.
 The housecat bites!
 The housecat bites!
 You die...
 Do you want your possessions identified? [ynq] (y) y
 Do you want to see your attributes? [ynq] (y) y
 Do you want an account of creatures vanquished? [ynaq] (y) y
 Do you want to see your conduct and achievements? [ynq] (y) y
 Do you want to see the dungeon overview? [ynq] (y) y

Inventory:
 Coins    ('$')
  $ - 69 gold pieces
 Weapons  (')')
  a - a blessed +1 quarterstaff (weapon in hands)
 Armor    ('[')
  b - an uncursed +0 cloak of magic resistance (being worn)
 Comestibles  ('%')
  v - 2 uncursed candy bars labeled "Berry Bar"
  u - an uncursed carrot
  B - an uncursed tripe ration
  C - an uncursed lichen corpse
 Scrolls  ('?')
  j - an uncursed scroll of enchant armor
  k - 2 uncursed scrolls of identify
 Spellbooks  ('+')
  l - a blessed spellbook of force bolt
  m - an uncursed spellbook of magic missile
 Potions  ('!')
  z - an uncursed potion of confusion
  y - an uncursed potion of healing
  f - an uncursed potion of object detection
  h - a blessed potion of sickness
  A - an uncursed potion of speed
 Rings    ('=')
  e - an uncursed ring of cold resistance (on left hand)
  d - an uncursed +2 ring of gain strength (on right hand)
  H - an uncursed ring of sustain ability
 Wands    ('/')
  q - a wand of slow monster (0:8)
  c - a wand of stasis (0:2)
 Tools    ('(')
  p - an uncursed leather drum
  o - an uncursed blindfold
  I - an uncursed lock pick
  x - an uncursed magic lamp
  G - an uncursed mirror

Drastanta the Wizard's attributes:

Background:
 You were a Conjurer, a level 5 male elven Wizard.
 You were chaotic, on a mission for Anhur
 who was opposed by Ptah (lawful) and Thoth (neutral).
 You were right-handed.
 You were in the Dungeons of Doom, on level 5.
 You entered the dungeon 3691 turns ago.
 It was nighttime.
 You had 305 experience points, 15 more were needed to attain level 6.

Basics:
 You had 0 out of 38 hit points.
 You had 15 out of 57 energy points (spell power).
 Your armor class was 9.
 Your wallet contained 69 zorkmids.
 Autopickup was off.

Final Characteristics:
 Your strength was 14 (base:12, limit:18).
 Your dexterity was 13 (limit:18).
 Your constitution was 16 (limit:16).
 Your intelligence was 14 (limit:20).
 Your wisdom was 14 (limit:20).
 Your charisma was 9 (limit:18).

Final Status:
 You weren't hungry.
 You were unencumbered.
 You were wielding a quarterstaff.
 You had basic skill with quarterstaff and could have enhanced that.

Final Attributes:
 You were piously aligned.
 You were magic-protected.
 You were cold resistant.
 Your items were protected from cold.
 You were sleep resistant.
 You were telepathic.
 You had infravision.
 You were warded.
 You are dead.

Miscellaneous:
 You encountered 1 bones level.
 Total elapsed playing time was 46 minutes and 39 seconds.

Major events:
 Turn
    1: Drastanta the chaotic male elven Wizard entered the dungeon
 1221: entered the Gnomish Mines
 1435: attained the rank of Conjurer (level 3)
 3691: killed by a housecat, while praying

Spells:
 Name                 Level Category     Fail Retention
 force bolt             1   attack         0%   81%-90%
 magic missile          2   attack         0%   81%-90%

Skills:
 Fighting Skills
   bare handed combat [Unskilled]
   riding             [Unskilled]
 Weapon Skills
   dagger             [Unskilled]
   knife              [Unskilled]
   axe                [Unskilled]
   short sword        [Unskilled]
   club               [Unskilled]
   mace               [Unskilled]
   quarterstaff       [Basic]
   polearms           [Unskilled]
   spear              [Unskilled]
   trident            [Unskilled]
   sling              [Unskilled]
   dart               [Unskilled]
   shuriken           [Unskilled]
 Spellcasting Skills
   attack spells      [Basic]
   healing spells     [Unskilled]
   divination spells  [Unskilled]
   enchantment spells [Basic]
   clerical spells    [Unskilled]
   escape spells      [Unskilled]
   matter spells      [Unskilled]

Voluntary challenges:
 Character rerolling was not enabled.
 You never genocided any monsters.
 You never polymorphed an object.
 You never changed form.
 You used no wishes.
Achievements:
 You entered a shop.
 You entered the Gnomish Mines.
 You attained the rank of Conjurer.

 The Dungeons of Doom: levels 1 to 5
    Level 1:
       A fountain, a sink.
    Level 2:
       A general store.
       Stairs down to The Gnomish Mines.
    Level 3:
       Many fountains, many trees.
    Level 4:
       A fountain, many trees.
    Level 5: <- You were here.
       Final resting place for
          you, killed by a housecat, while praying,
          Ackbladder-Wiz-Gno-Fem-Neu, killed by a plains centaur.
 The Gnomish Mines:
    Level 3:


Vanquished creatures:
  a plains centaur
 an imp
  3 wood nymphs
  a mountain nymph
  a rock mole
  a fog cloud
  a gnome leader
  2 giant ants
  a floating eye
  2 hill orcs
  a giant bat
  a dwarf zombie
 an acid blob
  a gas spore
  a large kobold
  2 hobgoblins
  4 giant rats
  a green mold
  a red mold
  a gnome zombie
  2 geckos
  7 jackals
  a fox
  a kobold
  a goblin
 14 grid bugs
  2 bats
  2 lichens
  a kobold zombie
  7 newts
66 creatures vanquished.

No species were genocided or became extinct.

Game over:
                       ----------
                      /          \
                     /    REST    \
                    /      IN      \
                   /     PEACE      \
                  /                  \
                  |    Drastanta     |
                  |      69 Au       |
                  |   killed by a    |
                  |     housecat     |
                  |                  |
                  |                  |
                  |       2026       |
                 *|     *  *  *      | *
        _________)/\\_//(\/(/\)/\//\/|_)_______

Goodbye Drastanta the Wizard...

You died in The Dungeons of Doom on dungeon level 5 with 1483 points,
and 69 pieces of gold, after 3691 moves.
You were level 5 with a maximum of 38 hit points when you died.

